 Dungeon Crawl Stone Soup version 0.29.1 (webtiles) character file.

Game seed: 17382316790559654902

2029 Hubris850 the Skirmisher (level 9, -2/50 HPs)
             Began as a Kobold Hunter on Sept 13, 2022.
             Was an Initiate of Yredelemnul.
             Slain by a killer bee (6 damage)
             ... on level 7 of the Dungeon.
             The game lasted 00:18:47 (6319 turns).

Hubris850 the Skirmisher (Kobold Hunter)            Turns: 6319, Time: 00:18:48

Health: -2/50      AC:  8    Str: 12    XL:     9   Next: 47%
Magic:  18/18      EV: 16    Int: 15    God:    Yredelemnul [......]
Gold:   309        SH:  0    Dex: 18    Spells: 8/8 levels left

rFire   x . .      SeeInvis .   b - +4 short sword (freeze)
rCold   . . .      Faith    .   (no shield)
rNeg    . . .      Spirit   .   c - +1 leather armour
rPois   .          Reflect  .   C - +0 helmet
rElec   .          Harm     .   z - +2 cloak
rCorr   .          Rampage  .   (no gloves)
Will    .....                   (no boots)
Stlth   +++++.....              i - amulet of regeneration
HPRegen 0.96/turn               A - ring of Pehiarid {rF- MP+9 Str+4}
MPRegen 0.16/turn               (no ring)

@: lethally poisoned (-2 -> -3)
A: small, no large weapons, nightstalker 3
a: Renounce Religion, Recall Undead Harvest


You were on level 7 of the Dungeon.
You worshipped Yredelemnul.
Yredelemnul was noncommittal.
You visited 1 branch of the dungeon, and saw 7 of its levels.

You collected 309 gold pieces.

Inventory:

Hand Weapons
 a - a +0 shortbow
 b - a +4 short sword of freezing (weapon)
 q - a +0 dagger
 B - a +2 rapier of venom
Missiles
 j - 3 poisoned darts
 n - 5 curare-tipped darts
Armour
 c - a +1 leather armour (worn)
 z - a +2 cloak (worn)
 C - a +0 helmet (worn)
Jewellery
 h - a ring of willpower
 i - an amulet of regeneration (around neck)
 p - an amulet of reflection
 A - the ring of Pehiarid (left hand) {rF- MP+9 Str+4}
   (You found it on level 7 of the Dungeon)

   [ring of magical power]

   Str:       It affects your strength (+4).
   rF:        It makes you vulnerable to fire.
   MP:        It affects your magic capacity (+9).
Wands
 t - a wand of digging (5)
 x - a wand of iceblast (8)
 y - a wand of paralysis (19)
Scrolls
 e - 3 scrolls of immolation
 k - 4 scrolls of poison
 l - a scroll of amnesia
 m - 2 scrolls of blinking
 o - 2 scrolls of fog
 u - a scroll of identify
 v - a scroll of torment {unknown}
Potions
 d - a potion of attraction
 f - a potion of heal wounds
 g - 2 potions of haste {unknown}
 r - a potion of curing {unknown}
 s - a potion of ambrosia {unknown}
 w - a potion of berserk rage {unknown}


   Skills:
 - Level 3.0 Fighting
 + Level 7.2 Short Blades
 + Level 11.1 Ranged Weapons
 - Level 4.0 Dodging
 + Level 9.1 Stealth


You had 8 spell levels left.
You didn't know any spells.
Your spell library contained the following spells:

 Spells                   Type           Power      Damage    Failure   Level
 Apportation              Tloc           0%         N/A       34%         1
 Magic Dart               Conj           0%         1d3       34%         1
 Necrotise                Necr           0%         1d4       34%         1
 Summon Small Mammal      Summ           0%         N/A       34%         1
 Searing Ray              Conj           0%         2d4       45%         2
 Static Discharge         Conj/Air       0%         3-3/arc   45%         2
 Sublimation of Blood     Necr           0%         N/A       45%         2
 Wereblood                Tmut           0%         N/A       45%         2
 Dispel Undead            Necr           0%         3d6       98%         4
 Fulminant Prism          Conj/Hex       0%         3d6       98%         4
 Sticky Flame             Conj/Fire      0%         2d3       98%         4
 Summon Hydra             Summ           0%         N/A       100%        7


Dungeon Overview and Level Annotations

Branches:
Dungeon (7/15)             Temple (0/1) D:6

Altars:
Dithmenos
Qazlal
Vehumet
Wu Jian
Yredelemnul


Innate Abilities, Weirdness & Mutations

You are small and have problems with some larger weapons.
You are completely attuned to the shadows.


Message History

Your black bear zombie misses the killer bee.
Your black bear zombie closely misses the killer bee.
Your black bear zombie barely misses the killer bee.
The killer bee stings your bullfrog zombie!
Your bullfrog zombie is destroyed!
The killer bee stings your killer bee zombie.
The killer bee stings you. x2
You miss the killer bee.
You feel sick.
Your killer bee zombie misses the killer bee.
The killer bee barely misses you. x2
The killer bee stings your killer bee zombie!
The killer bee stings your black bear zombie.
Unknown command.
You closely miss the killer bee.
You feel sick.
Your killer bee zombie misses the killer bee.
The killer bee stings you.
* * * LOW HITPOINT WARNING * * *
The killer bee stings you.
* * * LOW HITPOINT WARNING * * *
The killer bee barely misses your black bear zombie.
The killer bee closely misses your killer bee zombie.
Your black bear zombie closely misses the killer bee.
Your black bear zombie claws the killer bee.
The killer bee dies!
Your killer bee zombie closely misses the killer bee.
The killer bee barely misses your killer bee zombie.
The killer bee stings you.
* * * LOW HITPOINT WARNING * * *
The killer bee barely misses you.
You miss the killer bee. The killer bee barely misses you. x2
The killer bee stings your killer bee zombie.
Your killer bee zombie is destroyed!
Your black bear zombie barely misses the killer bee.
Your black bear zombie claws the killer bee. x2
Unknown command.
You closely miss the killer bee.
The killer bee is moderately wounded.
You feel sick. The killer bee stings you.
You die...
Your body rises from the dead as a mindless zombie.

#ZZ# ##..# ## #Z.# #### ##.##
###. #Z♣♣♣♣♣♣♣♣♣..########..##
#...
#♣ZZ..ZZ..Z♣............####..
♣.§≈§§≈≈≈.♣..................
♣§§.≈§§..§♣#####.....###.....
♣§§≈..§≈.≈♣ ##.......#####...
♣≈.≈.§.≈.≈♣##.Z.......# ##..
♣≈.≈..§§§§♣#@y........# #..#
♣≈..≈≈≈..§♣..y........# #..#
♣.≈§≈≈§§≈.♣..y........# ##...
#♣......Z..♣...........# #....
##.♣♣♣♣♣♣♣♣♣............#
#.... #..#
###..........###.... ##.##
##.........##..... #..#
##........##.#... ##.##
##......###.##..


You could see 3 killer bees and a friendly black bear zombie.

Vanquished Creatures
  A human (D:5)
  Pargi (D:3)
  An ice beast (D:6)
  An ogre (D:6)
  2 black bears
  A phantom (D:4)
  A necrophage (D:4)
  2 wights (D:7)
  5 killer bees (D:7)
  4 hounds (D:5)
  An orc priest (D:6)
  4 orc wizards (D:6)
  3 iguanas
  4 gnolls (D:3)
  5 adders
  A white imp (D:5)
  A worm (D:3)
  A dart slug (D:2)
  9 orcs
  3 bats
  3 endoplasms
  8 hobgoblins
  4 jackals
  5 kobolds
  3 quokkas
  5 ball pythons
  3 frilled lizards
  7 goblins
  A goblin skeleton (D:5)
  A jackal skeleton (D:5)
  4 rats
95 creatures vanquished.

Vanquished Creatures (collateral kills)
  An ogre (D:6)
  A bullfrog (D:7)
  2 wights (D:7)
  2 killer bees (D:7)
  A howler monkey (D:6)
  A jelly (D:7)
  2 hounds
  An iguana (D:7)
  3 orcs (D:6)
14 creatures vanquished.

Vanquished Creatures (others)
  A bullfrog zombie (D:7)
  2 killer bee zombies (D:7)
  An ice beast zombie (D:6)
  A howler monkey zombie (D:6)
  2 iguana zombies
  11 orc zombies (D:6)
18 creatures vanquished.

Grand Total: 127 creatures vanquished

Notes
Turn   | Place    | Note
-------+----------+-------------------------------------------
     0 | D:1      | Hubris850 the Kobold Hunter began the quest for the Orb.
     0 | D:1      | Reached XP level 1. HP: 12/12 MP: 1/1
   187 | D:1      | Reached XP level 2. HP: 18/18 MP: 2/2
   877 | D:2      | Reached XP level 3. HP: 22/22 MP: 3/3
   883 | D:2      | Found a faded altar of an unknown god.
  2056 | D:3      | Noticed Pargi
  2097 | D:3      | Killed Pargi
  2098 | D:3      | Reached skill level 6 in Ranged Weapons
  2098 | D:3      | Reached XP level 4. HP: 6/28 MP: 4/4
  2098 | D:3      | Reached XP level 5. HP: 7/32 MP: 5/5
  2675 | D:3      | Reached XP level 6. HP: 24/37 MP: 6/6
  2676 | D:3      | Reached skill level 7 in Ranged Weapons
  3273 | D:4      | Reached skill level 8 in Ranged Weapons
  3363 | D:4      | Reached XP level 7. HP: 18/41 MP: 7/7
  3560 | D:4      | Found a stormy altar of Qazlal.
  3836 | D:5      | Entered Level 5 of the Dungeon
  3839 | D:5      | Reached skill level 1 in Short Blades
  3899 | D:5      | Found a runed translucent door.
  3899 | D:5      | Noticed a human
  3901 | D:5      | Found a basalt altar of Yredelemnul.
  3914 | D:5      | Killed a human
  3915 | D:5      | Reached skill level 9 in Ranged Weapons
  3915 | D:5      | Reached skill level 5 in Stealth
  3929 | D:5      | Became a worshipper of Yredelemnul the Dark
  4028 | D:5      | Found an ornate altar of the Wu Jian Council.
  4233 | D:5      | Reached * piety under Yredelemnul
  4487 | D:6      | Reached XP level 8. HP: 46/46 MP: 8/8
  4702 | D:6      | Found a shadowy altar of Dithmenos.
  4758 | D:6      | Found a staircase to the Ecumenical Temple.
  4813 | D:6      | Reached skill level 5 in Short Blades
  4862 | D:6      | Reached skill level 10 in Ranged Weapons
  4865 | D:6      | Reached ** piety under Yredelemnul
  5639 | D:7      | Reached XP level 9. HP: 15/50 MP: 9/9
  5721 | D:7      | Identified the ring of Pehiarid {rF- MP+9 Str+4}
  6171 | D:7      | Found a radiant altar of Vehumet.
  6216 | D:7      | Reached skill level 11 in Ranged Weapons
  6319 | D:7      | Slain by a killer bee

Illustrated notes

Levels and vault maps discovered:
D:1:      scummos_arrival_checkerplants, layout_loops_ring, minivault_19,
          minmay_misc_feat_plants, chequers_serial_rivers_small_3, minivault_11,
          kennysheep_nondescript
D:2:      kb_forest_paths, layout_rooms, hellmonk_ecumenical_altar_blasted,
          minmay_distorted
D:3:      layout_loops_corners, uniq_pargi
D:4:      layout_loops_cross, mainiacjoe_overflow_alcove_2
D:5:      layout_basic, dk_yredelemnul_ordeal, nicolae_overflow_hidden_temple
D:6:      layout_basic, mainiacjoe_overflow_six_doors_small,
          minmay_temple_entry_offerings
D:7:      layout_cave_pods, mainiacjoe_overflow_paths

Skill      XL: |  1  2  3  4  5  6  7  8  9 |
---------------+----------------------------+-----
Stealth        | 2 3 4 5 7 9 |  9.1
Dodging        | 4 |  4.0
Fighting       | 3 |  3.0
Ranged Weapons | 6 8 9 10 11 | 11.1
Short Blades   | 3 5 7 |  7.2

Action                   |  1- 3 |  4- 6 |  7- 9 || total
-------------------------+-------+-------+-------++-------
Melee: Dagger            |     6 |       |       ||     6
       Rapier            |       |    39 |   123 ||   162
       Punch             |       |     2 |     2 ||     4
       Short sword       |       |       |    16 ||    16
 Fire: Shortbow          |    78 |    65 |    45 ||   188
Throw: Dart              |     4 |       |       ||     4
Invok: Recall Undead Har |       |       |     1 ||     1
       Dark Bargain      |       |       |     1 ||     1
  Use: Scroll            |    12 |       |       ||    12
       Potion            |     1 |       |     2 ||     3
 Stab: Sleeping          |       |       |     2 ||     2
       Distracted        |       |       |     2 ||     2
Armor: Leather armour    |    11 |    26 |    41 ||    78
Dodge: Dodged            |    61 |    72 |   132 ||   265
